 Dungeon Crawl Stone Soup version 0.31.0-32-g396128a36d (webtiles) character file.

Game seed: 10788427585979649157

3926 mihai the Blocker (level 10, -7/132 (136) HPs)
             Began as a Minotaur Fighter on Mar 28, 2024.
             Was a Believer of Okawaru.
             Mangled by a +2 trident of chaos (14 damage)
             ... on level 8 of the Dungeon on Mar 29, 2024.
             The game lasted 00:21:26 (7026 turns).

mihai the Blocker (Minotaur Fighter)                Turns: 7026, Time: 00:21:26

HP:   -7/132 (136)  AC: 19    Str: 25    XL:     10   Next: 1%
MP:   8/9           EV: 10    Int:  5    God:    Okawaru [**....]
Gold: 472           SH: 20    Dex: 10    Spells: 9/9 levels left

rFire   . . .        C - +3 war axe
rCold   . . .        t - +0 tower shield
rNeg    . . .        y - +0 plate armour
rPois   .            l - +2 hat
rElec   .            p - +0 cloak
rCorr   .            G - +0 pair of gloves
SInv    .            (no boots)
Will    .....        c - amulet of reflection Stlth
                     z - +5 ring of evasion
HPRegen 0.42/turn    (no ring)
MPRegen 0.11/turn

%: reflection
@: mighty, berserking, attractive, lightly drained, very quick
A: horns 2, retaliatory headbutt
a: Renounce Religion, Heroism


You were on level 8 of the Dungeon.
You worshipped Okawaru.
Okawaru was pleased with you.
You visited 2 branches of the dungeon, and saw 9 of its levels.

You collected 472 gold pieces.

Inventory:

Hand Weapons
 C - a +3 war axe (weapon)
Missiles
 k - 6 poisoned darts (quivered)
 B - a throwing net
Armour
 l - a +2 hat (worn)
 p - a +0 cloak (worn)
 t - a +0 tower shield (worn)
 y - a +0 plate armour (worn)
 G - a +0 pair of gloves (worn)
Jewellery
 c - an amulet of reflection (around neck)
 s - a ring of protection from cold
 w - an amulet of the acrobat
 z - a +5 ring of evasion (left hand)
 A - an amulet of regeneration
Wands
 m - a wand of flame (7)
 E - a wand of iceblast (8)
Scrolls
 a - 2 scrolls of blinking {unknown}
 b - a scroll of noise {unknown}
 e - 5 scrolls of identify {unknown}
 f - a scroll of silence {unknown}
 n - a scroll of poison {unknown}
 r - 3 scrolls of teleportation {unknown}
 v - a scroll of vulnerability {unknown}
 F - a scroll of torment {unknown}
Potions
 d - a potion of might
 g - 2 potions of mutation {unknown}
 h - 2 potions of brilliance {unknown}
 i - 2 potions of curing
 o - 3 potions of haste {unknown}
 q - 3 potions of lignification {unknown}
 u - 4 potions of attraction
 x - a potion of degeneration {unknown}
 D - 2 potions of heal wounds {unknown}


   Skills:
 + Level 9.4 Fighting
 + Level 8.9 Axes
 + Level 9.4 Armour
 + Level 9.5 Shields


You had 9 spell levels left.
You didn't know any spells.
Your spell library contained the following spells:

 Spells                   Type           Power      Damage    Failure   Level
 Kiss of Death            Conj/Necr      0%         2d5       100%        1
 Scorch                   Fire           0%         2d5       100%        2
 Confusing Touch          Hex            0%         N/A       100%        3
 Dispel Undead            Necr           0%         3d6       100%        4
 Flame Wave               Conj/Fire      0%         2d4       100%        4
 Summon Cactus Giant      Summ           Unusable   N/A       N/A         6

Dungeon Overview and Level Annotations

Branches:
Dungeon (8/15)             Temple (1/1) D:6
   Lair: D:8-11

Altars:
Ashenzari
Cheibriados
Dithmenos
Elyvilon
Fedhas
Gozag
Hepliaklqana
Kikubaaqudgha
Nemelex Xobeh
Okawaru
Qazlal
Ru
Sif Muna
Trog
Uskayaw
Vehumet
Wu Jian
Xom
Yredelemnul
Zin
The Shining One

Shops:
D:1 !

Annotations:
D:8 cfcfcfcfcf's ghost, novice FeSu


Innate Abilities, Weirdness & Mutations

You have a pair of horns on your head.
You reflexively headbutt those who attack you in melee.


Message History

Cfcfcfcfcf's ghost casts a spell.
It was a potion of attraction.
You feel attractive to monsters. The bat hits you but does no damage.
You block the +2 trident of chaos's attack.
Cfcfcfcfcf's ghost casts a spell.
An electric hum fills the air.
The +2 trident of chaos hits you but does no damage.
A red film seems to cover your vision as you go berserk!
You feel yourself moving faster!
You feel mighty!
You barely miss cfcfcfcfcf's ghost.
Cfcfcfcfcf's ghost is lightly damaged.
You slash the bat!
You kill the bat!
The bat's corpse disappears in a puff of smoke!
The +2 trident of chaos closely misses you.
You block cfcfcfcfcf's ghost's attack.
You miss cfcfcfcfcf's ghost.
Cfcfcfcfcf's ghost is lightly damaged.
You hit the bat.
You kill the bat!
The bat's corpse disappears in a puff of smoke!
You block the +2 trident of chaos's attack.
The river rat is attracted toward you.
You slash cfcfcfcfcf's ghost!
Cfcfcfcfcf's ghost is moderately damaged.
You hit the river rat.
You kill the river rat!
The river rat's corpse disappears in a puff of smoke!
You block the +2 trident of chaos's attack.
You block cfcfcfcfcf's ghost's attack.
You barely miss cfcfcfcfcf's ghost.
Your headbutt misses cfcfcfcfcf's ghost.
Cfcfcfcfcf's ghost is moderately damaged.
The +2 trident of chaos hits you from afar!
* * * LOW HITPOINT WARNING * * *
You feel very mighty all of a sudden.
Cfcfcfcfcf's ghost casts a spell.
The +2 trident of chaos hits you from afar!
You die...

#.####.....
###
##)####.....
##.##
#.<.).......
#._.#
#.#####.####
###'### #.#
#.....
#....8###.#
######
#.r(......#
###W#.#####
#@r§# ###r#
#... #####


You could see a lightning spire (summoned), a +2 trident of chaos, cfcfcfcfcf's
ghost, a river rat (summoned) and 2 rats.

Vanquished Creatures
  Pikel (D:7)
  Prince Ribbit (D:5)
  Sigmund (D:6)
  A wyvern (D:7)
  5 yaks (D:8)
  A steam dragon (D:7)
  2 water moccasins (D:7)
  A sky beast (D:7)
  An orc warrior (D:7)
  An ogre (D:4)
  A lemure (D:7)
  2 bullfrogs
  3 scorpions
  12 killer bees
  A howler monkey (D:8)
  2 bombardier beetles
  3 orc priests
  4 hounds
  Crazy Yiuf (D:3)
  An iguana (D:5)
  Natasha (thrice) (D:2)
  3 orc wizards (D:7)
  4 gnolls (D:4)
  6 adders
  2 shadow imps
  2 white imps
  2 ufetubi (D:6)
  2 dart slugs (D:2)
  28 orcs
  5 ball pythons
  11 endoplasms
  A giant cockroach (D:4)
  7 goblins
  A hobgoblin (D:2)
  6 jackals (D:4)
  3 quokkas
  5 bats
  8 frilled lizards
  4 kobolds
  2 rats
150 creatures vanquished.

Vanquished Creatures (others)
  2 bombardier beetles
2 creatures vanquished.

Grand Total: 152 creatures vanquished

Notes
Turn   | Place    | Note
-------+----------+-------------------------------------------
     0 | D:1      | mihai the Minotaur Fighter began the quest for the Orb.
     0 | D:1      | Reached XP level 1. HP: 19/19 MP: 0/0
   278 | D:1      | Reached XP level 2. HP: 17/27 MP: 1/1
   337 | D:1      | Found a faded altar of an unknown god.
   464 | D:1      | Found Risapu Lecra's Distillery.
   832 | D:2      | Reached XP level 3. HP: 33/33 MP: 2/2
  1244 | D:2      | Noticed Natasha
  1262 | D:2      | Killed Natasha
  1263 | D:2      | Reached XP level 4. HP: 23/40 MP: 3/3
  1379 | D:2      | Noticed Natasha
  1385 | D:2      | Killed Natasha
  1430 | D:2      | Noticed Natasha
  1437 | D:2      | Killed Natasha
  1846 | D:3      | Reached XP level 5. HP: 47/47 MP: 4/4
  1939 | D:3      | Found a runed translucent door.
  1940 | D:3      | Noticed Crazy Yiuf
  2134 | D:3      | Killed Crazy Yiuf
  2378 | D:4      | Reached skill level 5 in Shields
  2382 | D:4      | Reached skill level 5 in Armour
  2384 | D:4      | Reached skill level 5 in Fighting
  2511 | D:4      | Noticed an ogre
  2520 | D:4      | Killed an ogre
  2521 | D:4      | Reached XP level 6. HP: 56/56 MP: 5/5
  3013 | D:5      | Entered Level 5 of the Dungeon
  3214 | D:5      | Found a shimmering altar of Xom.
  3383 | D:5      | Noticed Prince Ribbit
  3424 | D:5      | Killed Prince Ribbit
  3425 | D:5      | Reached skill level 5 in Axes
  3425 | D:5      | Reached XP level 7. HP: 33/63 MP: 6/6
  4115 | D:6      | Noticed Sigmund
  4147 | D:6      | Reached XP level 8. HP: 49/71 MP: 7/7
  4168 | D:6      | Killed Sigmund
  4781 | D:6      | Found a staircase to the Ecumenical Temple.
  5277 | Temple   | Entered the Ecumenical Temple
  5349 | Temple   | Became a worshipper of Warmaster Okawaru
  5481 | D:7      | Found a sparkling altar of Nemelex Xobeh.
  5635 | D:7      | Reached * piety under Okawaru
  5709 | D:7      | Reached XP level 9. HP: 57/81 MP: 8/8
  6279 | D:7      | Noticed Pikel
  6300 | D:7      | Killed Pikel
  6300 | D:7      | Reached ** piety under Okawaru
  6301 | D:7      | Found a stormy altar of Qazlal.
  6306 | D:7      | Found a basalt altar of Yredelemnul.
  6410 | D:8      | Reached XP level 10. HP: 67/91 MP: 9/9
  6999 | D:8      | Found a runed translucent door.
  7000 | D:8      | Found a shimmering altar of Xom.
  7000 | D:8      | Noticed cfcfcfcfcf's ghost (novice FeSu)
  7000 | D:8      | Noticed a +2 trident of chaos
  7007 | D:8      | Noticed a lightning spire
  7023 | D:8      | Noticed a lightning spire
  7026 | D:8      | Mangled by a +2 trident of chaos

Illustrated notes

Levels and vault maps discovered:
D:1:      mushboom_english_gardens, layout_loops_cross, serial_shops,
          nicolae_shop_rolling_square, ebering_ecumenical_altar_box,
          minmay_door_square, st_stairs_6
D:2:      layout_loops_cross, uniq_natasha
D:3:      layout_rooms, uniq_crazy_yiuf_cottage
D:4:      layout_basic
D:5:      layout_cave_pools, mainiacjoe_overflow_catwalk, uniq_prince_ribbit1
D:6:      layout_layer_cave, temple_pool_b, uniq_sigmund
D:7:      layout_basic, grunt_temple_overflow_open,
          serial_library_regret_index_branch_corner, uniq_pikel
D:8:      layout_basic, ebering_ghost_xom
Temple:   minmay_temple_bridge_d

Skill      XL: |  1  2  3  4  5  6  7  8  9 |
---------------+----------------------------+-----
Fighting       | 4 5 6 8 9 |  9.4
Shields        | 4 5 6 8 9 |  9.5
Armour         | 4 5 6 7 9 |  9.4
Axes           | 3 4 5 6 7 8 |  8.9

Action                     |  1- 3 |  4- 6 |  7- 9 | 10-12 || total
---------------------------+-------+-------+-------+-------++-------
  Melee: War axe           |    67 |   105 |   229 |    18 ||   419
         Headbutt          |     6 |    17 |    33 |       ||    56
    Use: Potion            |       |       |       |     2 ||     2
 Armour: Scale mail        |    55 |    95 |       |       ||   150
         Plate armour      |       |       |   125 |    24 ||   149
  Dodge: Dodged            |    35 |    58 |    82 |    12 ||   187
  Block: Buckler           |    26 |    21 |       |       ||    47
         Tower shield      |       |    44 |   333 |    23 ||   400
         Reflection        |       |       |     5 |       ||     5
